 Dungeon Crawl Stone Soup version 0.18-a0-888-gdb73dea (webtiles) character file.

555 filipzpl the Skirmisher (level 7, -1/47 HPs)
             Began as a Gargoyle Berserker on Dec 23, 2015.
             Was a Believer of Trog.
             Slain by Crazy Yiuf
             ... wielding a +4 quarterstaff of chaos
              (18 damage)
             ... on level 3 of the Dungeon.
             The game lasted 00:18:21 (3741 turns).

filipzpl the Skirmisher (Gargoyle Berserker)        Turns: 3741, Time: 00:18:21

Health: -1/47      AC: 15    Str: 23    XL:     7   Next: 30%
Magic:  7/7        EV:  3    Int:  7    God:    Trog [**....]
Gold:   143        SH:  0    Dex:  9    Spells: 0 memorised, 6 levels left

rFire  . . .     SeeInvis .     i - +1 flail
rCold  . . .     Gourm    .     l - +0 chain mail
rNeg   + . .     Faith    .     g - +1 large shield
rPois  ∞         Spirit   .     m - +0 helmet
rElec  +         Dismiss  .     (no cloak)
rCorr  .         Reflect  .     (no gloves)
SustAt .         Harm     .     f - +0 pair of boots
MR     .....                    (no amulet)
Stlth  ..........               (no ring)
                                (no ring)

@: confused, not resistant to hostile enchantments, extremely unstealthy
A: negative energy resistance 1, electricity resistance, unbreathing,
petrification resistance, rot immunity, AC +4
a: Berserk, Trog's Hand, Burn Spellbooks, Renounce Religion


You were on level 3 of the Dungeon.
You worshipped Trog.
Trog was pleased with you.
You were not hungry.

You visited 1 branch of the dungeon, and saw 3 of its levels.

You collected 143 gold pieces.

Inventory:

Hand Weapons
 i - a +1 flail (weapon)
Armour
 f - a +0 pair of boots (worn)
 g - a +1 large shield (worn)
 l - a +0 chain mail (worn)
 m - a +0 helmet (worn)
Scrolls
 e - a scroll of identify
 h - a scroll of immolation {unknown}
Potions
 b - a potion of flight {unknown}
 n - a potion of heal wounds
Comestibles
 a - 2 fruits
 c - a bread ration
 d - 2 meat rations


   Skills:
 * Level 6.7 Fighting
 * Level 6.1 Maces & Flails
 - Level 2.1 Armour
 - Level 1.5 Dodging


You had 6 spell levels left.
You didn't know any spells.

Dungeon Overview and Level Annotations

Branches:
Dungeon (3/15)

Altars:
Cheibriados

Annotations:
D:3 Crazy Yiuf


Innate Abilities, Weirdness & Mutations

You are resistant to torment.
Your stone body is resilient (AC +4).
You are immune to poison.
You resist negative energy.
You are resistant to electric shocks.
You can survive without breathing.
You are immune to petrification.
You are immune to rotting.


Message History

You resist with some effort.
You bump into the stone wall.
Crazy Yiuf zaps a wand.
You are more confused.
You completely miss Crazy Yiuf.
Crazy Yiuf hits you with a quarterstaff of chaos!
You sock Crazy Yiuf!
Crazy Yiuf is moderately wounded.
Crazy Yiuf hits you with a quarterstaff of chaos!
Crazy Yiuf whimpers, "Gum hand unthinkable!"
Crazy Yiuf zaps a wand.
You are more confused.
Crazy Yiuf hits you with a quarterstaff of chaos!
Firing (i - inventory): No suitable missiles.
Press: ? - help, Shift-Dir - straight line, f - Crazy Yiuf
Aim: Crazy Yiuf, wielding a quarterstaff of chaos, wearing a glowing cloak and carrying a wand of confusion {zapped: 11} (moderately wounded)
Okay, then.
You're too confused!
Crazy Yiuf hits you with a quarterstaff of chaos.
Space warps horribly around you!
You die...

######### ♣PP.P♣
##.......... #.......#
♣.P.♣♣ #...........
#.#####.# ♣♣.♣♣
##.....#####
(...###.#### ♣.♣♣
##.....# # #.#....<...#
♣♣.♣ #...#### #
#.########## ♣.♣♣
#....# # #.# ♣♣.♣
####.# # #.# ##.## #.#
# #.# #.@.# #.# #
#.##### #.g.# #.# #
#.....# #..)# #.#
#####.# ##### #.# ###
#.# ####.#######
..###.##########
##...........
#....#.........#
#.##########.
#####.########.######.#
#. #.# #........# #.


You could see Crazy Yiuf.

Vanquished Creatures
  Grinder (D:3)
  Sigmund (D:3)
  The ghost of 4thArraOfDagon the Shooter, a weakling CeHu (D:3)
  Jessica (D:3)
  An orc wizard (D:3)
  A gnoll (D:1)
  3 adders
  An ooze (D:2)
  A worm (D:2)
  3 giant geckos
  3 orcs (D:3)
  A ball python (D:3)
  9 bats
  9 goblins
  7 hobgoblins
  5 giant cockroaches
  2 giant newts
  8 kobolds
  8 rats
  A fungus (D:3)
67 creatures vanquished.

Notes
Turn   | Place    | Note
--------------------------------------------------------------
     0 | D:1      | filipzpl the Gargoyle Berserker began the quest for the Orb.
     0 | D:1      | Reached XP level 1. HP: 14/14 MP: 1/1
   105 | D:1      | Reached XP level 2. HP: 17/19 MP: 2/2
   345 | D:1      | Reached skill level 4 in Fighting
   345 | D:1      | Reached XP level 3. HP: 19/24 MP: 3/3
   484 | D:1      | Reached ** piety under Trog
  1128 | D:2      | Reached XP level 4. HP: 30/30 MP: 4/4
  1639 | D:3      | Noticed Sigmund
  2086 | D:3      | Reached XP level 5. HP: 27/34 MP: 5/5
  2128 | D:3      | Noticed Grinder
  2135 | D:3      | Paralysed by Grinder for 4 turns
  2141 | D:3      | Paralysed by Grinder for 5 turns
  2214 | D:3      | Paralysed by Grinder for 2 turns
  2555 | D:3      | Noticed 4thArraOfDagon's ghost (weakling CeHu)
  2774 | D:3      | Found a snail-covered altar of Cheibriados.
  2797 | D:3      | Killed 4thArraOfDagon's ghost
  2797 | D:3      | Reached skill level 5 in Fighting
  3123 | D:3      | Killed Sigmund
  3123 | D:3      | Reached skill level 5 in Maces & Flails
  3123 | D:3      | Reached XP level 6. HP: 3/41 MP: 6/6
  3607 | D:3      | Reached skill level 6 in Fighting
  3617 | D:3      | Noticed Jessica
  3620 | D:3      | Killed Jessica
  3692 | D:3      | Killed Grinder
  3692 | D:3      | Reached XP level 7. HP: 43/47 MP: 7/7
  3725 | D:3      | Noticed Crazy Yiuf
  3741 | D:3      | Slain by Crazy Yiuf

Vault maps used:
D:1:      dpeg_arrival_simpleton_c, minmay_cupped
D:3:      cheibriados_altar_1, uniq_crazy_yiuf_cottage, uniq_grinder,
          uniq_jessica, uniq_sigmund

Action                   |  1- 3 |  4- 6 |  7- 9 || total
-------------------------+-------+-------+-------++-------
Melee: Mace              |    50 |       |       ||    50
       Flail             |    93 |   110 |    13 ||   216
Invok: Berserk           |     1 |     2 |       ||     3
  Use: Potion            |     1 |     1 |       ||     2
       Scroll            |       |    12 |       ||    12
  Eat: Chunk             |     2 |       |       ||     2
       Bread ration      |       |     2 |       ||     2
       Fruit             |       |     2 |       ||     2
